 Dungeon Crawl Stone Soup version 0.25-b1-23-ge2ad7d536c (webtiles) character file.

Game seed: 8718986539807596984, levelgen mode: deterministic

140 Esekla the Magician (level 5, 0/33 HPs)
             Began as an Octopode Wizard on June 3, 2020.
             Succumbed to an orc's poison
             ... on level 3 of the Dungeon.
             The game lasted 00:14:38 (2509 turns).

Esekla the Magician (Octopode Wizard)               Turns: 2509, Time: 00:14:38

Health: 0/33       AC:  1    Str:  7    XL:     5   Next: 23%
Magic:  1/11       EV: 13    Int: 20    God:
Gold:   76         SH:  0    Dex: 11    Spells: 3/12 levels left

rFire    . . .     SeeInvis .   g - +1 dagger (speed)
rCold    . . .     Gourm    .   (no shield)
rNeg     . . .     Faith    .   a - +0 hat
rPois    .         Spirit   .   (no amulet)
rElec    .         Reflect  .   (no ring)
rCorr    .         Harm     .   (no ring)
MR       .....     Rnd*Tele +   (no ring)
Stlth    +++.......             (no ring)
HPRegen  0.11/turn              (no ring)
MPRegen  0.12/turn              (no ring)
                                (no ring)
                                (no ring)

@: lethally poisoned (0 -> -23), very slightly contaminated
A: almost no armour, stealthy swim, amphibious, 8 rings, constrict 8, tentacle
spike 1, camouflage 1, blink, teleportitis 1, gelatinous body 1, subdued magic 1
a: Blink


You were on level 3 of the Dungeon.
You were hungry.

You visited 1 branch of the dungeon, and saw 3 of its levels.

You collected 76 gold pieces.

Inventory:

Hand Weapons
 b - a +0 spear
 g - a +1 dagger of speed (weapon)
Missiles
 o - 2 boomerangs (quivered)
 p - 11 poisoned darts
Armour
 a - a +0 hat (worn)
Jewellery
 m - an uncursed amulet of the acrobat {unknown}
Wands
 n - a wand of clouds (3)
Scrolls
 d - a scroll of immolation {unknown}
 e - 3 scrolls of enchant armour {unknown}
 f - 3 scrolls of identify {unknown}
 h - 2 scrolls of remove curse {unknown}
 i - a scroll of teleportation {unknown}
 j - a scroll of amnesia {unknown}
Potions
 k - a potion of invisibility {unknown}
Comestibles
 c - 8 rations


   Skills:
 + Level 1.1 Fighting
 + Level 0.2 Short Blades
 + Level 0.6 Polearms
 + Level 2.0 Dodging
 - Level 2.6 Stealth
 * Level 4.2 Spellcasting
 + Level 1.6 Conjurations
   Level 1.0 Summonings
 * Level 1.7 Translocations
 * Level 0.9 Air Magic
 * Level 1.6 Poison Magic


You had 3 spell levels left.
You knew the following spells:

 Your Spells              Type           Power        Failure   Level  Hunger
a - Magic Dart            Conj           #...         5%          1    None
b - Blink                 Tloc           N/A          8%          2    #......
c - Mephitic Cloud        Conj/Pois/Air  #.......     19%         3    ###....
d - Conjure Flame         Conj/Fire      #.......     22%         3    ###....

Your spell library contained the following spells:

 Spells                   Type           Power        Failure   Level  Hunger
 Call Imp                 Summ           #.......     11%         2    #......
 Slow                     Hex            #.......     16%         2    #......


Dungeon Overview and Level Annotations

Branches:
Dungeon (3/15)

Altars:

Annotations:
D:2 Robin


Innate Abilities, Weirdness & Mutations

You cannot wear most types of armour.
You are very stealthy in the water. (Stealth+)
You are amphibious.
You can wear up to eight rings at the same time.
You can use your tentacles to constrict eight enemies at once.
Your skin changes colour to match your surroundings (Stealth+).
Your rubbery body absorbs attacks. (AC +1, EV +1)
One of your tentacles bears a spike.
You can translocate small distances at will.
You are occasionally teleported next to monsters.
Your spells are a little easier to cast, but a little less powerful.


Message History

* * * LOW HITPOINT WARNING * * *
Casting: Magic Dart (safe; 7% risk of failure)
Confirm with . or Enter, or press ? or * to list all spells.
Aiming: Magic Dart (safe; 7% risk of failure)
Press: ? - help, Shift-Dir - straight line, f/p - orc
Aim: an orc, wielding a +0 short sword of venom and wearing a +0 chain mail (lightly wounded, constricted by you)
The magic dart hits the orc.
The orc is moderately wounded.
You constrict the orc.
* * * LOW HITPOINT WARNING * * *
You feel sick.
The orc hits you with a +0 short sword of venom.
* * * LOW HITPOINT WARNING * * *
You are more poisoned.
It was a potion of mutation.
You feel extremely strange.
You feel weirdly uncertain.
Your connection to magic feels subdued.
You feel jittery.
One of your lower tentacles grows a sharp spike.
You constrict the orc, but do no damage.
You die...

#.............#
#.###########.# #.# #.# #>#
#.# #.# #.# #.# #.# #.####
#.############
#....########............#
#..........o@....#######.#
o.#.#....###########.#.......#
....)...## #.#.#####.#
..#.##### #.#.#.....## ...
#..........# #.. ###.#.###..#
#.. o..#.# #[.### #. #####.#
#..##. #.# #.....


You could see an orc.

Vanquished Creatures
  An adder (D:3)
  3 gnolls (D:2)
  A shadow imp (D:3)
  3 oozes
  3 worms (D:2)
  4 dart slugs
  A leopard gecko (D:1)
  2 orcs (D:3)
  2 giant cockroaches
  9 goblins
  7 hobgoblins
  A quokka (D:2)
  2 ball pythons
  4 bats
  7 frilled lizards
  10 kobolds
  5 rats
65 creatures vanquished.

Notes
Turn   | Place    | Note
-------+----------+-------------------------------------------
     0 | D:1      | Esekla the Octopode Wizard began the quest for the Orb.
     0 | D:1      | Reached XP level 1. HP: 11/11 MP: 4/4
   176 | D:1      | Reached XP level 2. HP: 8/18 MP: 1/6
   180 | D:1      | Learned a level 2 spell: Blink
   744 | D:1      | Reached XP level 3. HP: 17/22 MP: 6/8
  1170 | D:1      | Learned a level 3 spell: Mephitic Cloud
  1174 | D:1      | Learned a level 3 spell: Conjure Flame
  1709 | D:2      | Reached skill level 4 in Spellcasting
  1709 | D:2      | Reached XP level 4. HP: 25/27 MP: 10/10
  1715 | D:2      | Reached skill level 1 in Fighting
  2062 | D:2      | Reached skill level 1 in Poison Magic
  2225 | D:2      | Noticed Robin
  2332 | D:3      | Reached XP level 5. HP: 29/33 MP: 11/11
  2509 | D:3      | Gained mutation: You are occasionally teleported next to
                  | monsters. [potion of mutation]
  2509 | D:3      | Gained mutation: Your spells are a little easier to cast,
                  | but a little less powerful. [potion of mutation]
  2509 | D:3      | Gained mutation: You can translocate small distances at
                  | will. [potion of mutation]
  2509 | D:3      | Gained mutation: One of your tentacles bears a spike.
                  | [potion of mutation]
  2509 | D:3      | Succumbed to an orc's poison

Illustrated notes

Levels and vault maps discovered:
D:1:      wheals_arrival_shading, layout_basic
D:2:      layout_loops_ring, uniq_robin
D:3:      layout_loops_ring, grunt_temple_overflow_opulence, first_ration

Skill      XL: |  1  2  3  4 |
---------------+-------------+-----
Spellcasting   | 4 |  4.2
Fighting       | 1 |  1.1
Poison Magic   | 1 |  1.6
Short Blades   | |  0.2
Polearms       | |  0.6
Dodging        | |  2.0
Stealth        | |  2.6
Conjurations   | |  1.6
Summonings     | |  1.0
Translocations | |  1.7
Air Magic      | |  0.9

Action                   |  1- 3 |  4- 6 || total
-------------------------+-------+-------++-------
Melee: Unarmed           |     9 |       ||     9
       Tentacles         |    12 |     9 ||    21
       Constrict         |    21 |    14 ||    35
       Dagger            |    60 |    43 ||   103
       Spear             |    10 |       ||    10
 Cast: Magic Dart        |    33 |    48 ||    81
  Use: Potion            |       |     1 ||     1
 Stab: Sleeping          |     7 |     4 ||    11
  Eat: Chunk             |     2 |     2 ||     4
Armor: Skin              |     7 |     3 ||    10
Dodge: Dodged            |    39 |    20 ||    59
